 Seeded DCSS version 0.26.1-10-gdfb7c7de75 (webtiles) character file.

Game seed: 13435453013147752700 (custom seed)

500 wilfster70 the Chiller (level 7, 0/41 HPs)
             Began as an Octopode Ice Elementalist on Apr 9, 2021.
             Was an Initiate of Okawaru.
             Succumbed to a killer bee's poison
             ... on level 4 of the Dungeon.
             The game lasted 00:09:44 (4253 turns).

wilfster70 the Chiller (Octopode Ice Elementalist)  Turns: 4253, Time: 00:09:44

Health: 0/41       AC:  1    Str:  8    XL:     7   Next: 16%
Magic:  5/12       EV: 14    Int: 21    God:    Okawaru [......]
Gold:   209        SH:  0    Dex: 12    Spells: 8/12 levels left

rFire    + + .     SeeInvis .   a - +0 short sword
rCold    . . .     Faith    .   (no shield)
rNeg     . . .     Spirit   .   (helmet restricted)
rPois    .         Reflect  .   (no amulet)
rElec    .         Harm     .   h - ring of protection from fire
rCorr    .         Rampage  .   (no ring)
Will     .....                  (no ring)
Stlth    ++++......             (no ring)
HPRegen  0.13/turn              (no ring)
MPRegen  0.13/turn              (no ring)
                                (no ring)
                                (no ring)

@: brilliant, lethally poisoned (0 -> -7), frozen ramparts, hasted, very quick
A: almost no armour, stealthy swim, amphibious, 8 rings, constrict 8, antennae
1, camouflage 1, clever 1, fire resistance 1, gelatinous body 1
a: Renounce Religion


You were on level 4 of the Dungeon.
You worshipped Okawaru.
Okawaru was noncommittal.
You visited 1 branch of the dungeon, and saw 4 of its levels.

You collected 209 gold pieces.

Inventory:

Hand Weapons
 a - a +0 short sword (weapon)
Missiles
 l - 24 poisoned darts
Jewellery
 h - a ring of protection from fire (left tentacle)
Wands
 t - a wand of random effects (13)
Scrolls
 b - 2 scrolls of immolation {unknown}
 c - a scroll of fear {unknown}
 d - 2 scrolls of teleportation
 e - a scroll of random uselessness {unknown}
 f - a scroll of amnesia {unknown}
 g - a scroll of enchant weapon {unknown}
 m - a scroll of magic mapping
 q - a scroll of remove curse
 r - a scroll of blinking {unknown}
 s - a scroll of identify
Potions
 k - 3 potions of might
 n - a potion of cancellation {unknown}
 o - a potion of brilliance
 p - a potion of flight {unknown}
 u - a potion of lignification {unknown}


   Skills:
 - Level 3.4 Dodging
 + Level 5.3 Stealth
 + Level 3.4 Spellcasting
 * Level 6.1 Ice Magic
 + Level 1.3 Invocations


You had 8 spell levels left.
You knew the following spells:

 Your Spells              Type           Power        Failure   Level
a - Freeze                Ice            100%         1%          1
b - Frozen Ramparts       Ice            88%          3%          3

Your spell library contained the following spells:

 Spells                   Type           Power        Failure   Level
 Ozocubu's Armour         Ice            44%          3%          3
 Magic Dart               Conj           20%          13%         1
 Blink                    Tloc           N/A          19%         2
 Call Imp                 Summ           5%           19%         2
 Slow                     Hex            5%           19%         2
 Hailstorm                Conj/Ice       24%          34%         4
 Summon Ice Beast         Ice/Summ       24%          34%         4
 Conjure Flame            Conj/Fire      5%           36%         3
 Mephitic Cloud           Conj/Pois/Air  5%           36%         3


Dungeon Overview and Level Annotations

Branches:
Dungeon (4/15)
 Temple: D:4-7

Altars:
Ashenzari
Nemelex Xobeh
Okawaru


Innate Abilities, Weirdness & Mutations

You cannot wear most types of armour.
You are very stealthy in the water. (Stealth+)
You are amphibious.
You can wear up to eight rings at the same time.
You can use your tentacles to constrict eight enemies at once.
Your skin changes colour to match your surroundings (Stealth+).
Your rubbery body absorbs attacks. (AC +1, EV +1)
You have a pair of small antennae on your head.
Your mind is acute. (Int +2)
Your flesh is heat resistant. (rF+)


Message History

Your Ice Magic skill increases to level 6!
Your Invocations skill increases to level 1!
You have reached level 7!
It was a potion of brilliance.
You feel clever all of a sudden.
The wall freezes the killer bee.
The killer bee closely misses you.
The wall freezes the killer bee. x2; The killer bee stings you!
* * * LOW HITPOINT WARNING * * *
The wall freezes the killer bee.
It was a potion of mutation.
You feel extremely strange.
You feel clever. A pair of antennae grows on your head!
You feel resistant to heat.
* * * LOW HITPOINT WARNING * * *
You feel sick.
The wall freezes the killer bee. x2
The killer bee completely misses you.
The wall freezes the killer bee. x3
You kill the killer bee!
Okawaru accepts your kill.
The wall freezes the killer bee.
It was a potion of haste.
You feel yourself speed up.
You die...

.........# #..#
#.##.....
########.# #..#
#.# ##... #.#
#..# .## #..
#.# ##..##...#
#.# #......#
### #...##...#
#...###.##
#.......#
#.#@#####
#..#y#
.##..#†y{yyy..
.8##.##########
# #.


You could see 2 killer bees.

Vanquished Creatures
  A scorpion (D:4)
  3 killer bees (D:4)
  A centaur skeleton (D:4)
  An orc priest (D:4)
  2 orc wizards
  A bullfrog skeleton (D:4)
  Ijyb (D:3)
  3 gnolls (D:3)
  6 adders
  2 worms
  2 dart slugs (D:2)
  2 leopard geckos
  4 orcs
  2 ball pythons
  3 giant cockroaches
  5 goblins
  4 hobgoblins
  6 jackals
  9 kobolds
  2 quokkas
  5 bats
  4 frilled lizards
  7 rats
76 creatures vanquished.

Notes
Turn   | Place    | Note
-------+----------+-------------------------------------------
     0 | D:1      | wilfster70 the Octopode Ice Elementalist began the quest
                  | for the Orb.
     0 | D:1      | Reached XP level 1. HP: 11/11 MP: 3/3
    76 | D:1      | Found a broken altar of Ashenzari.
   447 | D:1      | Reached XP level 2. HP: 12/17 MP: 3/5
  1740 | D:2      | Reached XP level 3. HP: 21/21 MP: 6/6
  1748 | D:2      | Learned a level 3 spell: Frozen Ramparts
  1939 | D:2      | You fall into a shaft and drop 1 floor!
  2198 | D:3      | Reached XP level 4. HP: 27/27 MP: 2/7
  2403 | D:3      | Reached XP level 5. HP: 29/31 MP: 6/9
  2485 | D:3      | Found a sparkling altar of Nemelex Xobeh.
  2562 | D:3      | Reached skill level 5 in Ice Magic
  2740 | D:3      | Noticed Ijyb
  2750 | D:3      | Killed Ijyb
  3150 | D:4      | HP: 1/31 [centaur skeleton (8)]
  3151 | D:4      | Reached XP level 6. HP: 2/36 MP: 4/10
  3460 | D:4      | Found an iron altar of Okawaru.
  4119 | D:4      | Became a worshipper of Warmaster Okawaru
  4142 | D:4      | Reached skill level 5 in Stealth
  4251 | D:4      | Reached skill level 6 in Ice Magic
  4251 | D:4      | Reached skill level 1 in Invocations
  4251 | D:4      | Reached XP level 7. HP: 8/41 MP: 4/12
  4251 | D:4      | HP: 2/41 [killer bee (7)]
  4252 | D:4      | Gained mutation: Your mind is acute. (Int +2) [potion of
                  | mutation]
  4252 | D:4      | Gained mutation: You have a pair of small antennae on your
                  | head. [potion of mutation]
  4252 | D:4      | Gained mutation: Your flesh is heat resistant. (rF+)
                  | [potion of mutation]
  4253 | D:4      | Succumbed to a killer bee's poison

Illustrated notes

Levels and vault maps discovered:
D:1:      giann_forest_graveyard, layout_rooms, serial_curves, eino_curves_03,
          eino_curves_03, hangedman_abyss_or_decor_stabs,
          nicolae_ashenzari_panopticon
D:2:      layout_rooms
D:3:      layout_basic, chequers_decorated_corner, nemelex_spade_bored_becter,
          uniq_ijyb
D:4:      layout_loops_ring, nicolae_overflow_hidden_temple, okawaru_gym_becter

Skill      XL: |  1  2  3  4  5  6 |
---------------+-------------------+-----
Stealth        | 3 4 5 |  5.3
Ice Magic      | 5 6 |  6.1
Dodging        | 3 |  3.4
Spellcasting   | 3 |  3.4
Invocations    | 1 |  1.3

Action                   |  1- 3 |  4- 6 |  7- 9 || total
-------------------------+-------+-------+-------++-------
Melee: Short sword       |    34 |    47 |       ||    81
       Constrict         |    10 |    16 |       ||    26
       Tentacles         |     5 |     9 |       ||    14
       Long sword        |       |     9 |       ||     9
       Unarmed           |       |     8 |       ||     8
 Cast: Freeze            |    23 |     8 |       ||    31
       Frozen Ramparts   |     3 |    16 |       ||    19
  Use: Scroll            |       |     5 |       ||     5
       Potion            |       |       |     3 ||     3
 Stab: Sleeping          |     6 |     5 |       ||    11
Armor: Skin              |     9 |     3 |       ||    12
Dodge: Dodged            |    35 |    69 |     2 ||   106
       Rpst.: Long sword |       |     2 |       ||     2
